 Dungeon Crawl Stone Soup version 0.31.0-11-ge490571c62 (webtiles) character file.

Game seed: 13916204344368429292

2620 qw the Skirmisher (level 9, -2/50 HPs)
             Began as a Deep Elf Hunter on Feb 3, 2024.
             Was a Believer of Okawaru.
             Slain by a vampire (8 damage)
             ... on level 7 of the Dungeon.
             The game lasted 00:00:27 (5570 turns).

qw the Skirmisher (Deep Elf Hunter)                 Turns: 5570, Time: 00:00:27

Health: -2/50      AC:  7    Str: 12    XL:     9   Next: 34%
Magic:  14/14      EV: 14    Int: 15    God:    Okawaru [**....]
Gold:   385        SH:  0    Dex: 24    Spells: 8/8 levels left

rFire   + . .        a - +0 shortbow (drain)
rCold   . . .        (shield currently unavailable)
rNeg    . . .        g - +0 ring mail
rPois   .            c - +1 helmet
rElec   .            (no cloak)
rCorr   .            (no gloves)
SInv    .            (no boots)
Will    .....        (no amulet) Stlth
                     r - ring of protection from fire
HPRegen 0.28/turn    k - +6 ring of dexterity
MPRegen 0.14/turn

%: no passive effects
@: confused
A: no striking features
a: Renounce Religion, Heroism


You were on level 7 of the Dungeon.
You worshipped Okawaru.
Okawaru was pleased with you.
You visited 1 branch of the dungeon, and saw 7 of its levels.

You collected 385 gold pieces.


   Skills:
 + Level 3.0 Fighting
 - Level 14.3 Ranged Weapons
 - Level 2.0 Armour
 - Level 6.0 Dodging
 - Level 1.2 Stealth
 - Level 4.0 Invocations


You had 8 spell levels left.
You didn't know any spells.
Your spell library was empty.

Inventory:

Hand Weapons
 a - a +0 shortbow of draining (weapon)
Armour
 c - a +1 helmet (worn)
 g - a +0 ring mail (worn)
 j - the +1 scale mail of the End {rPois SInv}
   (You found it on level 7 of the Dungeon)

   rPois:     It protects you from poison SInv: It lets you see invisible.
Jewellery
 k - a +6 ring of dexterity (right hand)
 m - a +6 ring of strength
 r - a ring of protection from fire (left hand)
 Y - a ring of willpower
Wands
 o - a wand of digging (6)
 p - a wand of light (8)
 q - a wand of polymorph (7)
Scrolls
 f - a scroll of identify
 h - 5 scrolls of teleportation
Potions
 b - a potion of attraction {unknown}
 d - 2 potions of mutation
 e - 4 potions of might
 i - 3 potions of curing
 n - a potion of degeneration {unknown}

Dungeon Overview and Level Annotations

Branches:
Dungeon (7/15)             Temple (0/1) D:6

Altars:
Cheibriados
Okawaru
Wu Jian

Annotations:
D:3 3 runed translucent doors, qw's ghost, amateur DEHu


Message History

The vampire bites you but does no damage.
You shoot an arrow. The arrow closely misses the vampire.
The vampire barely misses you.
The vampire bites you but does no damage.
You shoot an arrow. The arrow closely misses the vampire.
The vampire casts a spell.
The vampire flickers and vanishes!
Deactivating autopickup; reactivate with Ctrl-A.
You shoot an arrow. Something hits you. Something barely misses you.
You shoot an arrow. Something hits you. Something bites you.
Something draws strength from your injuries!
You shoot an arrow. You shoot an arrow. Something barely misses you.
Something bites you.
Something draws strength from your injuries!
You shoot an arrow.
You hear some strange, mumbled words.
You are confused.
You shoot an arrow.
You hear some strange, mumbled words.
You are more confused.
You shoot an arrow. Something hits you but does no damage.
Something bites you but does no damage.
You shoot an arrow. Something hits you! Something bites you.
Something draws strength from your injuries!
You shoot an arrow. You shoot an arrow. Something completely misses you.
Something bites you.
Something draws strength from your injuries!
You shoot an arrow. Something hits you but does no damage. Something bites you.
Something draws strength from your injuries!
You shoot an arrow. Something hits you. Something barely misses you.
You shoot an arrow. Something hits you. Something bites you!
You die...

.........
.....#
#........
.....
#........
....
#........
...
#........
##..
#........
#..
#........
#######.####
#......).
.......@...#
#........
#######{##.#
#.......#
....#.#
#.......#
#..#.#.#
##)######
.... .#.#
#)# #.#.#
.#.# #)#
....?
.#.######)#
...#.
.#.......)#
##########


There were no monsters in sight!

Vanquished Creatures
  A hornet (D:7)
  Menkaure (D:5)
  Edmund (D:5)
  2 water moccasins
  An orc warrior (D:6)
  2 ice beasts
  A black bear (D:4)
  3 ogres
  2 phantoms (D:5)
  2 kobold brigands
  3 bullfrogs (D:6)
  A scorpion (D:4)
  2 howler monkeys
  5 hounds
  3 orc priests
  A jelly (D:5)
  Jessica (D:2)
  3 orc wizards
  5 iguanas
  Robin (D:2)
  11 adders
  A white imp (D:6)
  4 ribbon worms
  15 orcs
  16 ball pythons
  3 endoplasms
  6 giant cockroaches
  20 goblins
  6 hobgoblins
  6 jackals
  7 quokkas
  6 bats
  17 kobolds
  2 rats
161 creatures vanquished.

Notes
Turn   | Place    | Note
-------+----------+-------------------------------------------
     0 | D:1      | qw the Deep Elf Hunter began the quest for the Orb.
     0 | D:1      | Reached XP level 1. HP: 12/12 MP: 3/3
     0 | D:1      | 0 ||| qw: Version: 0.3-a-158-g18b3111
     0 | D:1      | 0 ||| qw: Game counter: 4231
     0 | D:1      | 0 ||| qw: Melee chars always use a shield: true
     0 | D:1      | 0 ||| qw: God list: Okawaru
     0 | D:1      | 0 ||| qw: Allow faded altars: false
     0 | D:1      | 0 ||| qw: Do Orc after clearing Dungeon:15 true
     0 | D:1      | 0 ||| qw: Do second Lair branch before Depths: true
     0 | D:1      | 0 ||| qw: Lair rune preference: random
     0 | D:1      | 0 ||| qw: Goals: Normal
     0 | D:1      | 0 ||| PLANNING D:1-11
   236 | D:1      | Reached XP level 2. HP: 16/16 MP: 4/4
   297 | D:1      | Reached skill level 6 in Ranged Weapons
   420 | D:1      | HP: 4/16 [constriction (1)]
   652 | D:1      | 652 ||| UPGRADING to +0 ring mail.
   662 | D:1      | 662 ||| DROPPING +0 leather armour.
   663 | D:1      | 663 ||| READING 2 scrolls labelled RAC COLI AROOSK.
   663 | D:1      | 663 ||| IDENTIFYING pink potion
   664 | D:1      | 664 ||| READING scroll of identify.
   664 | D:1      | 664 ||| IDENTIFYING ruby potion
   665 | D:1      | 665 ||| READING scroll labelled ZEOFOEFAXT.
   666 | D:1      | 666 ||| READING scroll labelled QAPIAT FODEG.
   667 | D:1      | 667 ||| READING scroll labelled INUOXK WOATIZ.
   667 | D:1      | 667 ||| BRANDING +0 shortbow.
   668 | D:1      | 668 ||| DRINKING 2 lumpy green potions.
   669 | D:1      | 669 ||| DROPPING scroll of butterflies.
   670 | D:1      | 670 ||| DROPPING potion of berserk rage.
   780 | D:2      | Reached XP level 3. HP: 20/20 MP: 5/5
   781 | D:2      | Noticed Jessica
   789 | D:2      | Killed Jessica
   790 | D:2      | Reached skill level 7 in Ranged Weapons
   853 | D:2      | Reached XP level 4. HP: 22/25 MP: 6/6
   867 | D:2      | Noticed Robin
   880 | D:2      | Killed Robin
  1078 | D:2      | Reached skill level 8 in Ranged Weapons
  1402 | D:2      | 1402 ||| UPGRADING to +0 helmet.
  1407 | D:2      | 1407 ||| UPGRADING to ring of willpower.
  1408 | D:2      | 1408 ||| READING 5 scrolls of identify.
  1408 | D:2      | 1408 ||| IDENTIFYING inky potion
  1409 | D:2      | 1409 ||| READING 4 scrolls of identify.
  1409 | D:2      | 1409 ||| IDENTIFYING viscous silvery potion
  1410 | D:2      | 1410 ||| READING 3 scrolls of identify.
  1410 | D:2      | 1410 ||| IDENTIFYING scroll labelled SIOSITENIG
  1438 | D:3      | 1438 ||| STAIRDANCE
  1443 | D:3      | 1443 ||| STAIRDANCE
  1450 | D:2      | Reached XP level 5. HP: 22/29 MP: 7/7
  1510 | D:3      | Reached skill level 9 in Ranged Weapons
  1606 | D:3      | Found a faded altar of an unknown god.
  1795 | D:3      | Found a runed translucent gate.
  1795 | D:3      | Found a runed translucent gate.
  1798 | D:3      | Found a runed translucent gate.
  1798 | D:3      | Noticed qw's ghost (amateur DEHu)
  1955 | D:3      | Noticed a water moccasin
  1956 | D:3      | 1956 ||| DRINKING potion of haste.
  1962 | D:3      | Killed a water moccasin
  1963 | D:3      | Reached XP level 6. HP: 35/35 MP: 8/8
  2298 | D:3      | 2298 ||| READING 3 scrolls of identify.
  2298 | D:3      | 2298 ||| IDENTIFYING glowing coppery potion
  2299 | D:3      | 2299 ||| READING 2 scrolls of identify.
  2299 | D:3      | 2299 ||| IDENTIFYING scroll labelled WIUBAO UTOICS
  2300 | D:3      | 2300 ||| READING scroll of enchant armour.
  2300 | D:3      | 2300 ||| ENCHANTING +0 helmet.
  2301 | D:3      | 2301 ||| READING scroll of identify.
  2301 | D:3      | 2301 ||| IDENTIFYING scroll labelled YFIGGEL NIORES
  2302 | D:3      | 2302 ||| READING 2 scrolls labelled PIUHAC CAZXU.
  2303 | D:3      | 2303 ||| DROPPING potion of ambrosia.
  2304 | D:3      | 2304 ||| DROPPING scroll of immolation.
  2305 | D:3      | 2305 ||| DROPPING scroll of amnesia.
  2401 | D:4      | Reached skill level 10 in Ranged Weapons
  2426 | D:4      | Reached skill level 3 in Dodging
  2597 | D:4      | Reached XP level 7. HP: 20/40 MP: 9/9
  3233 | D:4      | 3233 ||| READING scroll of identify.
  3233 | D:4      | 3233 ||| IDENTIFYING brown potion
  3234 | D:4      | 3234 ||| READING scroll labelled TAIS SON TAINUOR.
  3235 | D:4      | 3235 ||| DROPPING potion of lignification.
  3261 | D:5      | Entered Level 5 of the Dungeon
  3290 | D:5      | Reached skill level 11 in Ranged Weapons
  3359 | D:5      | Found an iron altar of Okawaru.
  3360 | D:5      | 3360 ||| PLANNING OKAWARU WORSHIP
  3375 | D:5      | Found a snail-covered altar of Cheibriados.
  3376 | D:5      | 3376 ||| UPGRADING to +6 ring of dexterity.
  3377 | D:5      | 3377 ||| READING scroll of identify.
  3377 | D:5      | 3377 ||| IDENTIFYING 2 glowing pink potions
  3378 | D:5      | 3378 ||| DROPPING 2 potions of magic.
  3382 | D:5      | Became a worshipper of Warmaster Okawaru
  3383 | D:5      | 3383 ||| PLANNING D:1-11
  3408 | D:5      | Reached XP level 8. HP: 26/44 MP: 10/10
  3408 | D:5      | 3408 ||| FLEEEEING.
  3409 | D:5      | 3409 ||| FLEEEEING.
  3410 | D:5      | 3410 ||| FLEEEEING.
  3411 | D:5      | 3411 ||| FLEEEEING.
  3412 | D:5      | 3412 ||| FLEEEEING.
  3413 | D:5      | 3413 ||| FLEEEEING.
  3414 | D:5      | 3414 ||| FLEEEEING.
  3415 | D:5      | 3415 ||| FLEEEEING.
  3416 | D:5      | 3416 ||| FLEEEEING.
  3417 | D:5      | 3417 ||| FLEEEEING.
  3418 | D:5      | 3418 ||| FLEEEEING.
  3419 | D:5      | 3419 ||| FLEEEEING.
  3420 | D:5      | 3420 ||| FLEEEEING.
  3421 | D:5      | 3421 ||| FLEEEEING.
  3422 | D:5      | 3422 ||| FLEEEEING.
  3423 | D:5      | 3423 ||| FLEEEEING.
  3424 | D:5      | 3424 ||| FLEEEEING.
  3425 | D:5      | 3425 ||| FLEEEEING.
  3426 | D:5      | 3426 ||| FLEEEEING.
  3427 | D:5      | 3427 ||| FLEEEEING.
  3428 | D:5      | 3428 ||| FLEEEEING.
  3429 | D:5      | 3429 ||| FLEEEEING.
  3430 | D:5      | 3430 ||| FLEEEEING.
  3431 | D:5      | 3431 ||| FLEEEEING.
  3432 | D:5      | 3432 ||| FLEEEEING.
  3433 | D:5      | 3433 ||| FLEEEEING.
  3434 | D:5      | 3434 ||| FLEEEEING.
  3435 | D:5      | 3435 ||| FLEEEEING.
  3436 | D:5      | 3436 ||| FLEEEEING.
  3437 | D:5      | 3437 ||| FLEEEEING.
  3438 | D:5      | 3438 ||| STAIRDANCE
  3499 | D:5      | Reached skill level 12 in Ranged Weapons
  3500 | D:5      | HP: 5/44 [ogre/+0 giant club (14)]
  3501 | D:5      | 3501 ||| READING 3 scrolls of teleportation.
  3621 | D:5      | Reached skill level 3 in Fighting
  3712 | D:5      | Noticed Edmund
  3722 | D:5      | Killed Edmund
  3722 | D:5      | Reached * piety under Okawaru
  3900 | D:5      | Noticed Menkaure
  3907 | D:5      | Killed Menkaure
  3908 | D:5      | Reached skill level 1 in Invocations
  3953 | D:5      | Found an ornate altar of the Wu Jian Council.
  4332 | D:6      | Reached skill level 3 in Invocations
  4385 | D:6      | Found a staircase to the Ecumenical Temple.
  4398 | D:6      | Reached skill level 13 in Ranged Weapons
  4486 | D:6      | Reached XP level 9. HP: 50/50 MP: 14/14
  4514 | D:6      | Reached ** piety under Okawaru
  4915 | D:6      | 4915 ||| UPGRADING to ring of protection from fire.
  4917 | D:6      | 4917 ||| READING scroll labelled CESIESSYRA.
  5000 | D:6      | 5000 ||| READING scroll labelled QUIRGH ATWEFE.
  5446 | D:7      | Reached skill level 14 in Ranged Weapons
  5462 | D:7      | Identified the +1 scale mail of the End {rPois SInv}
  5548 | D:7      | Reached skill level 6 in Dodging
  5551 | D:7      | 5551 ||| DRINKING 4 potions of curing.
  5551 | D:7      | 5551 ||| (to cure confusion)
  5569 | D:7      | HP: 12/50 [something (5)]
  5570 | D:7      | Slain by a vampire

Levels and vault maps discovered:
D:1:      co_arrival_square_in_a_square_in_a_square, layout_loops_cross
D:2:      layout_loops_cross, uniq_jessica, uniq_robin
D:3:      layout_basic, hellmonk_ecumenical_altar_run_dry,
          ebering_ghost_rock_garden, grunt_decor_resistance
D:4:      nicolae_BIG_FREAKIN_CUBE, layout_gridville, minmay_snake_closets
D:5:      layout_cave_pools, mainiacjoe_overflow_alcove_1,
          nicolae_overflow_squiral, uniq_menkaure, uniq_edmund
D:6:      layout_basic, minmay_temple_entry_offerings, grunt_decor_fettered,
          chequers_hall_statues_corner_a, nrook_loot_triangle
D:7:      layout_basic

Skill      XL: |  1  2  3  4  5  6  7  8  9 |
---------------+----------------------------+-----
Ranged Weapons | 6 7 8 9 10 11 13 14 | 14.3
Fighting       | 2 3 |  3.0
Dodging        | 3 4 5 6 |  6.0
Armour         | 2 |  2.0
Invocations    | 4 |  4.0
Stealth        | |  1.2

Action                     |  1- 3 |  4- 6 |  7- 9 || total
---------------------------+-------+-------+-------++-------
   Fire: Shortbow          |    96 |   171 |   266 ||   533
    Use: Scroll            |     5 |     8 |     6 ||    19
         Potion            |     1 |     1 |     1 ||     3
 Armour: Leather armour    |    14 |       |       ||    14
         Ring mail         |    13 |    47 |    82 ||   142
  Dodge: Dodged            |    29 |    42 |    80 ||   151

Table legend:
 A = Non-vault XP
 B = Vault XP
 C = Vault XP percentage of total XP
 D = Non-vault monster count
 E = Vault monster count
 F = Vault count percentage of total count
                 A         B        C        D         E       F
            +---------+---------+-------+---------+---------+-------
      Total |    3265 |     478 |  12.8 |     133 |      28 |  17.4
            +---------+---------+-------+---------+---------+-------
        D:1 |      35 |       0 |   0.0 |      21 |       0 |   0.0
        D:2 |      95 |      72 |  43.1 |      29 |      13 |  31.0
        D:3 |     276 |       0 |   0.0 |      19 |       0 |   0.0
        D:4 |     435 |      79 |  15.4 |      16 |      13 |  44.8
        D:5 |     787 |     327 |  29.4 |      16 |       2 |  11.1
        D:6 |     954 |       0 |   0.0 |      21 |       0 |   0.0
        D:7 |     683 |       0 |   0.0 |      11 |       0 |   0.0
            +---------+---------+-------+---------+---------+-------
